 Dungeon Crawl Stone Soup version 0.27.1-33-g824d729ab1 (webtiles) character file.

Game seed: 16982362191841771741

22168 DirtyFrank the Cleaver (level 12, -11/64 HPs)
             Began as a Gargoyle Berserker on Dec 1, 2021.
             Was a High Priest of Trog.
             Mangled by a dire elephant simulacrum (43 damage)
             ... in an ice cave.
             The game lasted 01:03:20 (15917 turns).

DirtyFrank the Cleaver (Gargoyle Berserker)        Turns: 15917, Time: 01:03:21

Health: -11/64     AC: 49    Str: 25    XL:     12   Next: 97%
Magic:  12/12      EV: 12    Int:  9    God:    Trog [*****.]
Gold:   703        SH: 12    Dex:  9    Spells: 11/11 levels left

rFire    . . .     SeeInvis .   a - +4 demon whip (flame)
rCold    . . .     Faith    +   p - +0 kite shield
rNeg     + . .     Spirit   .   k - +27 Lear's hauberk
rPois    ∞         Reflect  .   (helmet currently unavailable)
rElec    +         Harm     .   (no cloak)
rCorr    +         Rampage  .   (gloves currently unavailable)
Will     .....     Rnd*Tele +   (boots currently unavailable)
Stlth    ..........             I - amulet of faith
HPRegen  0.20/turn              C - +4 ring of evasion
MPRegen  0.13/turn              K - ring of resist corrosion

@: on berserk cooldown, slowed, very slow
A: sickness immunity, AC +8, negative energy resistance 1, electricity
resistance, torment resistance 1, petrification resistance, iridescent scales 1,
frail 1, teleportitis 1
a: Renounce Religion, Berserk, Trog's Hand, Brothers in Arms


You were in an ice cave.
You worshipped Trog.
Trog was extremely pleased with you.
You visited 2 branches of the dungeon, and saw 14 of its levels.
You also visited: Ice Cave.

You collected 981 gold pieces.
You spent 278 gold pieces at shops.

Inventory:

Hand Weapons
 a - a +4 demon whip of flaming (weapon)
 b - the +4 war axe of Niul {antimagic, *Rage rF++ rCorr Stlth+}
   (You took it off a vampire on level 11 of the Dungeon)

   It reduces the magical energy of the wielder, and disrupts the spells and
   magical abilities of those it strikes.
   Natural abilities and divine invocations are not affected.
   rF:        It greatly protects you from fire.
   *Rage:     It may make you go berserk in combat.
   rCorr:     It protects you from acid and corrosion.
   Stlth:     It makes you more stealthy.
 u - a +0 scimitar of flaming
Missiles
 c - 39 poisoned darts (quivered)
 f - 10 boomerangs
 o - 3 throwing nets
Armour
 e - a +1 helmet
 k - the +27 Lear's hauberk (worn)
   (You acquired it on level 4 of the Dungeon)
 p - a +0 kite shield (worn)
 J - a +0 buckler
Jewellery
 C - a +4 ring of evasion (left hand)
 I - an amulet of faith (around neck)
 K - a ring of resist corrosion (right hand)
Wands
 d - a wand of mindburst (7)
 r - a wand of iceblast (5)
 v - a wand of paralysis (15)
 D - a wand of acid (5)
Scrolls
 m - 2 scrolls of brand weapon {unknown}
 n - 7 scrolls of teleportation
 s - 7 scrolls of amnesia {unknown}
 t - a scroll of torment {unknown}
 x - a scroll of magic mapping
 y - 2 scrolls of enchant armour
 F - 2 scrolls of enchant weapon
 G - 2 scrolls of fog
 H - a scroll of identify
Potions
 g - 7 potions of haste
 h - 3 potions of lignification
 i - 4 potions of curing
 l - 2 potions of berserk rage
 q - 5 potions of flight
 w - a potion of might
 z - a potion of resistance
 A - 2 potions of ambrosia
 B - 2 potions of degeneration {unknown}
 E - 2 potions of cancellation
 L - a potion of brilliance {unknown}
Miscellaneous
 M - a condenser vane


   Skills:
 + Level 7.1 Fighting
 - Level 12.1(12.8) Axes
 * Level 8.0(11.5) Maces & Flails
 + Level 10.9 Armour
 - Level 1.5 Dodging
 + Level 10.6 Shields


You had 11 spell levels left.
You didn't know any spells.
Your spell library was empty.

Dungeon Overview and Level Annotations

Branches:
Dungeon (13/15)            Temple (1/1) D:5            Lair (0/6) D:8
    Orc (0/2) D:11          IceCv (1/1)
 Vaults: D:13-14

Altars:
Ashenzari
Cheibriados
Dithmenos
Elyvilon
Fedhas
Gozag
Hepliaklqana
Kikubaaqudgha
Makhleb
Nemelex Xobeh
Okawaru
Qazlal
Ru
Sif Muna
Trog
Uskayaw
Vehumet
Wu Jian
Xom
Yredelemnul
Zin
The Shining One

Shops:
D:1 [   D:7 :?:[   D:8 [   D:11 ([

Portals:
Trove: D:11 (give +5 fire dragon scales)

Annotations:
D:11 3 runed translucent doors, CasbienBarr's ghost, journeyman DsAK; Domino's ghost, journeyman MiBe; diceflayer's ghost, journeyman MiFi


Innate Abilities, Weirdness & Mutations

You are immune to sickness and miasma.
Your stone body is resilient. (AC +8)
You are immune to poison.
You resist negative energy. (rN+)
You are resistant to electric shocks. (rElec)
You are resistant to unholy torment.
You are immune to petrification.
You are partially covered in iridescent scales. (AC +2)
You are frail. (-10% HP)
You are occasionally teleported next to monsters.


Message History

The entropy weaver simulacrum hits you but does no damage. x2
The entropy weaver simulacrum closely misses you.
The entropy weaver simulacrum hits you.
The entropy weaver simulacrum freezes you!!
The two-headed ogre simulacrum hits you but does no damage.
The two-headed ogre simulacrum misses you.
You whack the two-headed ogre simulacrum!
You melt the two-headed ogre simulacrum.
The two-headed ogre simulacrum is almost destroyed.
You whack the two-headed ogre simulacrum!
You melt the two-headed ogre simulacrum.
The two-headed ogre simulacrum vaporises!
Trog accepts your kill.
You whack the entropy weaver simulacrum!
You melt the entropy weaver simulacrum!
The entropy weaver simulacrum is heavily damaged.
The entropy weaver simulacrum hits you.
The entropy weaver simulacrum freezes you!!
* * * LOW HITPOINT WARNING * * *
The entropy weaver simulacrum hits you but does no damage. x3
You hit the entropy weaver simulacrum.
You melt the entropy weaver simulacrum.
The entropy weaver simulacrum is severely damaged.
You thrash the entropy weaver simulacrum!!
You melt the entropy weaver simulacrum.
The entropy weaver simulacrum vaporises!
Trog accepts your kill.
Your base Maces & Flails skill increases to level 8!
You feel a strong urge to attack something.
You are no longer berserk.
You are exhausted.
You feel yourself slow down.
You feel much better.
You block the dire elephant simulacrum's attack.
The dire elephant simulacrum trunk-slaps you but does no damage.
You whack the dire elephant simulacrum!
You melt the dire elephant simulacrum!
The dire elephant simulacrum is heavily damaged.
The dire elephant simulacrum tramples you!
The dire elephant simulacrum freezes you!!!
Ouch! That really hurt!
You die...

##≈≈≈≈≈≈≈≈
.☼○.##
##≈≈≈≈≈≈≈≈ .§...
#.#≈≈≈≈≈≈≈
##.#≈≈≈≈≈≈#
#.##≈≈≈≈≈≈###
#.##≈≈#≈≈##.##
#..#≈##≈##.Z.#
#..######..#°.#
#..@#.#.#.###..#
#..Z#.Z#..# ...Z
##...##..##
..... ##..###.#
..... ##.##.##
.... #..##.#
.... ##.##.##
##..##.##
#..####.##


You could see a dire elephant simulacrum.

Vanquished Creatures
  A reaper (IceCv)
  A yaktaur captain (D:11)
  A hydra (D:12)
  3 two-headed ogres
  Erica (D:8)
  A skeletal warrior (D:7)
  An orc knight (D:11)
  3 ugly things
  Pikel (D:7)
  2 manticores
  Joseph (D:8)
  An ice statue (IceCv)
  An unseen horror (D:11)
  A komodo dragon (D:9)
  4 kobold demonologists
  An ice devil (IceCv)
  An entropy weaver simulacrum (IceCv)
  5 trolls
  5 slime creatures (D:12)
  A meliai zombie (D:10)
  A blink frog (D:11)
  Sigmund (D:3)
  A wraith (D:9)
  10 yaks
  A vampire (D:11)
  2 dire elephant simulacra (IceCv)
  A wyvern (D:8)
  A steam dragon (D:10)
  3 vampire mosquitoes (D:12)
  A harpy simulacrum (IceCv)
  2 water moccasins (D:11)
  2 acid dragons
  7 orc warriors
  A black bear (D:6)
  2 ice beasts
  A necrophage (D:7)
  An ogre (D:6)
  2 lemures (D:7)
  7 kobold brigands
  Blork the orc (D:5)
  3 bullfrogs
  2 cane toad simulacra (IceCv)
  3 scorpions
  8 two-headed ogre simulacra (IceCv)
  A wyvern skeleton (D:7)
  11 killer bees
  An elephant simulacrum (IceCv)
  A wight (D:7)
  2 centaur zombies
  A crimson imp (D:8)
  5 howler monkeys
  3 bullfrog zombies
  A hound (D:4)
  11 orc priests
  A gnoll shaman (D:9)
  10 orc wizards
  7 troll simulacra (IceCv)
  2 iguanas
  4 polar bear simulacra (IceCv)
  3 spriggan simulacra (IceCv)
  3 wolf simulacra (IceCv)
  The ghost of othur the Chopper, a weakling HOMo (D:3)
  2 hound skeletons
  2 howler monkey zombies
  8 gnolls
  6 adders
  4 naga simulacra (IceCv)
  3 river rats (D:10)
  A shadow imp (D:6)
  8 white imps
  7 ufetubi
  An adder skeleton (D:5)
  3 worms (D:2)
  A dart slug (D:3)
  29 orcs
  4 endoplasms
  5 giant cockroaches
  5 goblins
  4 hobgoblins
  4 jackals (D:2)
  17 kobolds
  5 quokkas
  4 ball pythons
  7 bats
  6 frilled lizards
  23 rats
  A spectral hobgoblin (D:1)
328 creatures vanquished.

Vanquished Creatures (others)
  A white imp (IceCv)
  An ufetubus (IceCv)
  16 plants
18 creatures vanquished.

Grand Total: 346 creatures vanquished

Notes
Turn   | Place    | Note
-------+----------+-------------------------------------------
     0 | D:1      | DirtyFrank the Gargoyle Berserker began the quest for the
                  | Orb.
     0 | D:1      | Reached XP level 1. HP: 14/14 MP: 1/1
    22 | D:1      | Found Meostott's Antique Armour Shoppe.
   260 | D:1      | Reached skill level 3 in Axes
   293 | D:1      | Reached XP level 2. HP: 10/19 MP: 2/2
   860 | D:1      | Reached skill level 1 in Maces & Flails
  1101 | D:1      | Found a faded altar of an unknown god.
  1410 | D:1      | Reached XP level 3. HP: 21/23 MP: 3/3
  1467 | D:2      | Reached ** piety under Trog
  1814 | D:2      | Found a burning altar of Makhleb.
  2570 | D:2      | Reached XP level 4. HP: 28/28 MP: 4/4
  3102 | D:3      | Reached skill level 4 in Axes
  3176 | D:3      | Reached *** piety under Trog
  3625 | D:3      | Noticed Sigmund
  3633 | D:3      | Killed Sigmund
  3634 | D:3      | Reached skill level 5 in Axes
  3634 | D:3      | Reached XP level 5. HP: 32/32 MP: 5/5
  3634 | D:3      | Reached XP level 6. HP: 37/37 MP: 6/6
  3748 | D:3      | Found a runed translucent door.
  3753 | D:3      | Noticed othur's ghost (weakling HOMo)
  3900 | D:4      | Identified the +4 dagger of Ytaluhyps {vorpal, +Blink rPois
                  | rF+ rCorr}
  4112 | D:4      | Reached skill level 6 in Axes
  4154 | D:4      | Identified a scroll of acquirement
  4154 | D:4      | Acquired the +27 Lear's hauberk
  4154 | D:4      | Found the +27 Lear's hauberk
  4369 | D:4      | Reached skill level 1 in Shields
  4452 | D:4      | Found a sparkling altar of Nemelex Xobeh.
  4452 | D:4      | Found an iron altar of Okawaru.
  4461 | D:4      | Reached XP level 7. HP: 41/41 MP: 7/7
  4472 | D:5      | Entered Level 5 of the Dungeon
  4478 | D:5      | Identified the +6 war axe "Feekit" {pain, rC+ Int+3}
  4530 | D:5      | Found a staircase to the Ecumenical Temple.
  4540 | Temple   | Entered the Ecumenical Temple
  4889 | D:5      | Reached **** piety under Trog
  4942 | D:5      | Noticed Blork the orc
  4949 | D:5      | Killed Blork the orc
  5206 | D:6      | Reached skill level 7 in Axes
  5371 | D:6      | Reached XP level 8. HP: 46/46 MP: 8/8
  5864 | D:6      | Found an opulent altar of Gozag.
  6471 | D:3      | Killed othur's ghost
  6627 | D:7      | Found Xeiclyah's Magic Scroll Emporium.
  6745 | D:7      | Reached skill level 8 in Axes
  6960 | D:7      | Reached skill level 5 in Armour
  7124 | D:7      | HP: 2/46 [acid dragon (2)]
  7134 | D:7      | Reached XP level 9. HP: 2/51 MP: 9/9
  7509 | D:7      | Noticed Pikel
  7528 | D:7      | Killed Pikel
  7529 | D:7      | Reached skill level 9 in Axes
  7529 | D:7      | Reached skill level 5 in Shields
  7623 | D:7      | Bought a scroll of enchant armour for 97 gold pieces
  7623 | D:7      | Bought a scroll of enchant weapon for 97 gold pieces
  7623 | D:7      | Bought a scroll of fog for 26 gold pieces
  7623 | D:7      | Bought a scroll of noise for 13 gold pieces
  7623 | D:7      | Bought a scroll of magic mapping for 45 gold pieces
  8048 | D:7      | Found Gemeg's Book Boutique.
  8131 | D:7      | Found Mosusytio's Book Shoppe.
  8248 | D:7      | Found Qeeckac's Armour Emporium.
  8305 | D:7      | Noticed a green ugly thing
  8305 | D:7      | Noticed a troll
  8320 | D:7      | Killed a green ugly thing
  8364 | D:7      | Killed a troll
  8555 | D:7      | Noticed a skeletal warrior
  8555 | D:7      | Noticed a troll
  8844 | D:8      | Reached skill level 10 in Axes
  8844 | D:8      | Reached XP level 10. HP: 56/56 MP: 10/10
  8877 | D:8      | Found a glowing golden altar of the Shining One.
  8944 | D:8      | Noticed a two-headed ogre
  8956 | D:8      | Killed a two-headed ogre
  8989 | D:8      | Found a bloodstained altar of Trog.
  9018 | D:8      | Found a burning altar of Makhleb.
  9087 | D:8      | Noticed a manticore
  9111 | D:8      | Killed a manticore
  9266 | D:8      | Found a staircase to the Lair.
  9339 | D:8      | Noticed Erica
  9348 | D:8      | Killed Erica
  9362 | D:8      | Found a hide-covered altar of Uskayaw.
  9658 | D:8      | Found Wiggoomy's Antique Armour Shop.
  9826 | D:8      | Reached skill level 11 in Axes
  9935 | D:8      | Noticed Joseph
  9954 | D:8      | Killed Joseph
 10119 | D:8      | Found a shimmering altar of Xom.
 10119 | D:8      | Found a shimmering altar of Xom.
 10123 | D:8      | Found a shimmering altar of Xom.
 10124 | D:8      | Found a shimmering altar of Xom.
 10125 | D:8      | Found a shimmering altar of Xom.
 10343 | D:7      | Killed a skeletal warrior
 10525 | D:9      | Reached XP level 11. HP: 60/60 MP: 11/11
 10619 | D:9      | Found a hazy altar of Hepliaklqana.
 10620 | D:9      | You fall into a shaft and drop 3 floors!
 10714 | D:12     | Noticed a seven-headed hydra
 10731 | D:12     | Killed a one-headed hydra
 10865 | D:12     | Noticed a two-headed ogre
 10880 | D:12     | Killed a two-headed ogre
 11043 | D:11     | Noticed a purple ugly thing
 11076 | D:11     | Killed a purple ugly thing
 11077 | D:11     | Reached skill level 12 in Axes
 11154 | D:10     | Entered Level 10 of the Dungeon
 11294 | D:9      | Reached ***** piety under Trog
 11516 | D:9      | Received a gift from Trog
 11757 | D:9      | You fall into a shaft and drop 2 floors!
 11781 | D:11     | Noticed a two-headed ogre
 11791 | D:11     | Killed a two-headed ogre
 11846 | D:11     | Found a runed translucent gate.
 11846 | D:11     | Found a runed translucent gate.
 11890 | D:11     | Found a portal to a secret trove of treasure.
 12312 | D:10     | Reached skill level 5 in Fighting
 12328 | D:10     | Reached XP level 12. HP: 59/68 MP: 12/12
 13131 | D:11     | Reached skill level 5 in Maces & Flails
 13158 | D:11     | Reached skill level 10 in Armour
 13412 | D:11     | Gained mutation: You are occasionally teleported next to
                  | monsters. [potion of mutation]
 13412 | D:11     | Gained mutation: You are frail. (-10% HP) [potion of
                  | mutation]
 13412 | D:11     | Gained mutation: You are partially covered in iridescent
                  | scales. (AC +2) [potion of mutation]
 13893 | D:11     | Found a runed translucent gate.
 13898 | D:11     | Noticed CasbienBarr's ghost (journeyman DsAK)
 13898 | D:11     | Noticed diceflayer's ghost (journeyman MiFi)
 13898 | D:11     | Noticed Domino's ghost (journeyman MiBe)
 13951 | D:11     | Identified the +4 war axe of Niul {antimagic, *Rage rF++
                  | rCorr Stlth+}
 14117 | D:11     | Found Pippiu Heilu's Armour Emporium.
 14117 | D:11     | Found a staircase to the Orcish Mines.
 14119 | D:11     | Found Iluj's Weapon Emporium.
 14231 | D:11     | Noticed a yaktaur captain
 14240 | D:11     | Killed a yaktaur captain
 14241 | D:11     | Reached skill level 10 in Shields
 14917 | D:12     | Received a gift from Trog
 15419 | D:13     | Found a frozen archway.
 15428 | IceCv    | Entered an ice cave
 15869 | IceCv    | Noticed a reaper
 15895 | IceCv    | Killed a reaper
 15917 | IceCv    | Mangled by a dire elephant simulacrum

Illustrated notes

Levels and vault maps discovered:
D:1:      psy_arrival_whirlpool, layout_basic, serial_shops,
          nicolae_lakefront_shop, dreamdust_ecumenical_altar_drowned_temple,
          skrybe_limestone_x
D:2:      layout_loops_ring, basic_altar, minivault_5,
          kennysheep_generic_room_11
D:3:      layout_basic, ebering_ghost_reflecting_pool, minmay_rat_hole,
          uniq_sigmund
D:4:      layout_rooms, gammafunk_temple_overflow_statue,
          lexackson_kobold_supper
D:5:      layout_basic, minmay_temple_entry_ruins, serial_park_tiny_1,
          uniq_blork_the_orc
D:6:      layout_basic, mainiacjoe_overflow_concentric_impassable
D:7:      layout_loops_corners, serial_shops, nicolae_lakefront_shop,
          nicolae_shop_temple_entry_statues_fountains, shop,
          nicolae_stop_n_shop_1, chequers_hall_statues_wall_a,
          minmay_shattered_shrine, uniq_pikel
D:8:      layout_gridville, xom_shifter_show, makhleb_grotto_becter,
          mainiacjoe_overflow_24_doors, mainiacjoe_overflow_cross_hatched,
          nicolae_uskayaw_dance_studio, lair_entry_dummy, serial_shops,
          kennysheep_mini_moat, uniq_erica, uniq_joseph
D:9:      layout_roguey, general_overflow_altar, serial_corexii_hall,
          chequers_hall_statues_y, chequers_hall_statues_corner_a,
          hellmonk_bongcloud_opening
D:10:     layout_rooms, pond
D:11:     layout_basic, orc_david_3, gammafunk_ghost_cemetery,
          nicolae_trove_entry_free_sample, kennysheep_just_a_vault
D:12:     layout_roguey
D:13:     layout_basic, enter_bailey_3, portal_ice_cave_entry_pillars_1,
          grunt_tough_drop
Temple:   cyrus_circular_temple
IceCv:    ice_cave_caverns_02

Skill      XL: |  1  2  3  4  5  6  7  8  9 10 11 12 |
---------------+-------------------------------------+-----
Axes           | 3 5 6 7 8 10 11 12 | 12.1
Maces & Flails | 1 2 4 8 |  8.0
Shields        | 1 2 4 6 8 9 10 | 10.6
Armour         | 3 5 6 8 9 10 | 10.9
Fighting       | 5 7 |  7.1
Dodging        | |  1.5

Action                   |  1- 3 |  4- 6 |  7- 9 | 10-12 || total
-------------------------+-------+-------+-------+-------++-------
Melee: Hand axe          |    34 |       |       |       ||    34
       Whip              |    73 |       |       |       ||    73
       War axe           |    35 |   154 |   303 |   233 ||   725
       Demon whip        |       |       |       |   523 ||   523
       Scimitar          |       |       |       |    13 ||    13
Throw: Dart              |     3 |     2 |       |     2 ||     7
Invok: Berserk           |       |     2 |     6 |    16 ||    24
Evoke: Wand              |       |       |       |     1 ||     1
  Use: Scroll            |       |     5 |     4 |    10 ||    19
       Potion            |       |       |       |     4 ||     4
Armor: Animal skin       |    49 |    40 |       |       ||    89
       Chain mail        |       |    47 |   240 |   361 ||   648
Dodge: Dodged            |    71 |    98 |   170 |   251 ||   590
Block: Kite shield       |       |       |    61 |   355 ||   416
       Rpst.: Scimitar   |       |       |       |     4 ||     4
